| TOP OF THE 1ST |
|
Cocoa Flyers batting - Pitching for Pompano Beach Stingrays : RHP Julian Gonzalez
|
|
Pitching: RHP Julian Gonzalez
|
|
|
Batting: RHB Danny Arroyo
|
0-0: Foul Ball, location: 2F 0-1: Ball 1-1: Ball 2-1: Ball 3-1: Swinging Strike 3-2: Base on Balls
|
|
Batting: RHB Lorenzo Quintanilla
|
0-0: Fielders Choice at 2nd, 6-4 (Groundball, 6, EV 83.8 MPH)
|
|
Batting: LHB Gary Robertson
|
0-0: Ball Lorenzo Quintanilla steals 2nd base 1-0: Ball 2-0: Foul Ball, location: 2F 2-1: Swinging Strike 2-2: Strikes out swinging
|
|
Batting: RHB Larry McNutt
|
0-0: Ball 1-0: Ball 2-0: Foul Ball, location: 2F 2-1: Fly out, F9 (Flyball, 9LM, EV 88.8 MPH)
|
| Top of the 1st over - 0 runs, 0 hits, 0 errors, 1 left on base; Cocoa 0 - Pompano Beach 0 |
| BOTTOM OF THE 1ST |
|
Pompano Beach Stingrays batting - Pitching for Cocoa Flyers : RHP Marty Mason
|
|
Pitching: RHP Marty Mason
|
|
|
Batting: RHB Jorge Villalobos
|
0-0: Ball 1-0: DOUBLE (Flyball, 78D, EV 90.0 MPH)
|
|
Batting: SHB Gene Roof
|
0-0: Called Strike 0-1: DOUBLE (Groundball, 3L, EV 101.3 MPH) Jorge Villalobos scores
|
|
Batting: RHB Lance Junker
|
0-0: Ball 1-0: Ball 2-0: Ball 3-0: Base on Balls
|
|
Batting: RHB Mark Strucher
|
0-0: Fly out, F8 (Line Drive, 8RM, EV 88.1 MPH)
|
|
Batting: SHB Juan Molina
|
0-0: Ball 1-0: Ball 2-0: Called Strike 2-1: Fielders Choice at 2nd, 1-6 (Groundball, 34S, EV 67.5 MPH) Gene Roof to third
|
|
Batting: LHB Steve Phillips
|
0-0: Ball 1-0: Ground out 4-3 (Groundball, 4, EV 81.9 MPH)
|
| Bottom of the 1st over - 1 run, 2 hits, 0 errors, 2 left on base; Cocoa 0 - Pompano Beach 1 |
| TOP OF THE 2ND |
|
Cocoa Flyers batting - Pitching for Pompano Beach Stingrays : RHP Julian Gonzalez
|
|
Batting: SHB Rick Lockwood
|
0-0: Fly out, F7 (Flyball, 78D, EV 91.3 MPH)
|
|
Batting: RHB Johnny Salery
|
0-0: Called Strike 0-1: Swinging Strike 0-2: Ball 1-2: Foul Ball, location: 2F 1-2: Strikes out looking
|
|
Batting: RHB Jorge Diaz
|
0-0: Ground out 6-3 (Groundball, 6, EV 105.0 MPH)
|
| Top of the 2nd over - 0 runs, 0 hits, 0 errors, 0 left on base; Cocoa 0 - Pompano Beach 1 |
| BOTTOM OF THE 2ND |
|
Pompano Beach Stingrays batting - Pitching for Cocoa Flyers : RHP Marty Mason
|
|
Batting: SHB Maury Ornest
|
0-0: Ball 1-0: Ball 2-0: Called Strike 2-1: Ball 3-1: Base on Balls
|
|
Batting: RHB William Waag
|
0-0: Ball 1-0: Ball 2-0: DOUBLE (Line Drive, 78D, EV 106.3 MPH) Maury Ornest to third
|
|
Batting: RHB Whitney Harry
|
0-0: Swinging Strike 0-1: Ball 1-1: Ball 2-1: Swinging Strike 2-2: Ball 3-2: Foul Ball, location: 2F 3-2: Foul Ball, location: 2F 3-2: Strikes out swinging
|
|
Batting: RHB Jorge Villalobos
|
0-0: Ball 1-0: Ball 2-0: Ball 3-0: Base on Balls
|
|
Batting: SHB Gene Roof
|
0-0: Called Strike 0-1: Called Strike 0-2: Foul Ball, location: 2F 0-2: Fly out, F8 (Flyball, 8RD, EV 92.5 MPH) Runner from 3rd tags up, SCORES, no throw by CF
|
|
Batting: RHB Lance Junker
|
0-0: SINGLE (Line Drive, 78S, EV 107.5 MPH) William Waag to third Jorge Villalobos to second Runner from 3rd tries for Home, SAFE, throw by CF to home
|
|
Batting: RHB Mark Strucher
|
0-0: Ball 1-0: Called Strike 1-1: Ball 2-1: Ball 3-1: Foul Ball, location: 2F 3-2: Reached on error, E5 (Groundball, 56S, EV 69.4 MPH) Jorge Villalobos to third Lance Junker to second
|
|
Batting: SHB Juan Molina
|
0-0: Ball 1-0: Ground out 4-3 (Groundball, 34, EV 81.3 MPH)
|
| Bottom of the 2nd over - 2 runs, 2 hits, 1 error, 3 left on base; Cocoa 0 - Pompano Beach 3 |
| TOP OF THE 3RD |
|
Cocoa Flyers batting - Pitching for Pompano Beach Stingrays : RHP Julian Gonzalez
|
|
Batting: RHB Miguel Dominguez
|
0-0: Ball 1-0: Ball 2-0: Ball 3-0: Called Strike 3-1: Called Strike 3-2: SINGLE (Groundball, 56D, EV 98.1 MPH)
|
|
Batting: RHB David McClure
|
0-0: Foul Ball, location: 2F 0-1: Ball 1-1: Ball 2-1: Foul Ball, location: 2F 2-2: Foul Ball, location: 2F 2-2: Grounds into double play, 4-6-3 (Groundball, 34, EV 103.8 MPH)
|
|
Batting: RHB Danny Arroyo
|
0-0: Ball 1-0: Ball 2-0: Fly out, F2 (Popup, 3SF, EV 85.6 MPH)
|
| Top of the 3rd over - 0 runs, 1 hit, 0 errors, 0 left on base; Cocoa 0 - Pompano Beach 3 |
| BOTTOM OF THE 3RD |
|
Pompano Beach Stingrays batting - Pitching for Cocoa Flyers : RHP Marty Mason
|
|
Batting: LHB Steve Phillips
|
0-0: Ground out 6-3 (Groundball, 6, EV 78.1 MPH)
|
|
Batting: SHB Maury Ornest
|
0-0: Called Strike 0-1: SINGLE (Groundball, 34D, EV 100.0 MPH)
|
|
Batting: RHB William Waag
|
0-0: Ball 1-0: SINGLE (Flyball, 56D, EV 88.8 MPH) Maury Ornest to second
|
|
Batting: RHB Whitney Harry
|
0-0: Ball 1-0: Ball 2-0: Ball 3-0: Called Strike 3-1: Called Strike 3-2: Foul Ball, location: 2F 3-2: Base on Balls Maury Ornest to third William Waag to second
|
|
Batting: RHB Jorge Villalobos
|
0-0: Ball 1-0: Swinging Strike 1-1: Foul Ball, location: 2F 1-2: Grounds into double play, 5-4-3 (Groundball, 56S, EV 78.1 MPH)
|
| Bottom of the 3rd over - 0 runs, 2 hits, 0 errors, 2 left on base; Cocoa 0 - Pompano Beach 3 |
| TOP OF THE 4TH |
|
Cocoa Flyers batting - Pitching for Pompano Beach Stingrays : RHP Julian Gonzalez
|
|
Batting: RHB Lorenzo Quintanilla
|
0-0: Fly out, F9 (Line Drive, 9, EV 90.6 MPH)
|
|
Batting: LHB Gary Robertson
|
0-0: Called Strike 0-1: Ball 1-1: Foul Ball, location: 2F 1-2: Ball 2-2: Foul Ball, location: 2F 2-2: Strikes out swinging
|
|
Batting: RHB Larry McNutt
|
0-0: Ball 1-0: Ball 2-0: Ball 3-0: Base on Balls
|
|
Batting: SHB Rick Lockwood
|
0-0: Ball 1-0: Called Strike 1-1: Foul Ball, location: 2F 1-2: Foul Ball, location: 2F 1-2: Foul Ball, location: 2F 1-2: Strikes out swinging
|
| Top of the 4th over - 0 runs, 0 hits, 0 errors, 1 left on base; Cocoa 0 - Pompano Beach 3 |
| BOTTOM OF THE 4TH |
|
Pompano Beach Stingrays batting - Pitching for Cocoa Flyers : RHP Marty Mason
|
|
Batting: SHB Gene Roof
|
0-0: Called Strike 0-1: SINGLE (Line Drive, 9S, EV 93.8 MPH)
|
|
Batting: RHB Lance Junker
|
0-0: Ball 1-0: Fielders Choice at 2nd, 6-4 (Groundball, 6M, EV 90.6 MPH)
|
|
Batting: RHB Mark Strucher
|
0-0: Called Strike 0-1: Ball 1-1: Ball 2-1: Foul Ball, location: 2F 2-2: Foul Ball, location: 2F 2-2: Fly out, F8 (Flyball, 89XD, EV 97.5 MPH)
|
|
Batting: SHB Juan Molina
|
0-0: Ball 1-0: Ground out 5-3 (Groundball, 56S, EV 80.0 MPH)
|
| Bottom of the 4th over - 0 runs, 1 hit, 0 errors, 1 left on base; Cocoa 0 - Pompano Beach 3 |
| TOP OF THE 5TH |
|
Cocoa Flyers batting - Pitching for Pompano Beach Stingrays : RHP Julian Gonzalez
|
|
Batting: RHB Johnny Salery
|
0-0: Called Strike 0-1: Ball 1-1: Ball 2-1: Ground out 6-3 (Groundball, 6M, EV 85.6 MPH)
|
|
Batting: RHB Jorge Diaz
|
0-0: Foul Ball, location: 2F 0-1: Foul Ball, location: 2F 0-2: Ball 1-2: Ball 2-2: Foul Ball, location: 2F 2-2: Ball 3-2: Foul Ball, location: 2F 3-2: Base on Balls
|
|
Batting: RHB Miguel Dominguez
|
0-0: Fly out, F7 (Line Drive, 7, EV 93.1 MPH)
|
|
Batting: RHB David McClure
|
0-0: Ball 1-0: Ball 2-0: Fly out, F9 (Line Drive, 9, EV 93.8 MPH)
|
| Top of the 5th over - 0 runs, 0 hits, 0 errors, 1 left on base; Cocoa 0 - Pompano Beach 3 |
| BOTTOM OF THE 5TH |
|
Pompano Beach Stingrays batting - Pitching for Cocoa Flyers : RHP Marty Mason
|
|
Batting: LHB Steve Phillips
|
0-0: Ball 1-0: Swinging Strike 1-1: Ball 2-1: Foul Ball, location: 2F 2-2: Ball 3-2: Base on Balls
|
|
Batting: SHB Maury Ornest
|
0-0: Grounds into double play, 4-6-3 (Groundball, 4, EV 81.3 MPH)
|
|
Batting: RHB William Waag
|
0-0: Ball 1-0: Called Strike 1-1: Ball 2-1: Fly out, F4 (Popup, 4, EV 52.5 MPH)
|
| Bottom of the 5th over - 0 runs, 0 hits, 0 errors, 0 left on base; Cocoa 0 - Pompano Beach 3 |
| TOP OF THE 6TH |
|
Cocoa Flyers batting - Pitching for Pompano Beach Stingrays : RHP Julian Gonzalez
|
|
Batting: RHB Danny Arroyo
|
0-0: Foul Ball, location: 2F 0-1: Ball 1-1: Fly out, F8 (Flyball, 8LM, EV 83.8 MPH)
|
|
Batting: RHB Lorenzo Quintanilla
|
0-0: Called Strike 0-1: Called Strike 0-2: Ball 1-2: Foul Ball, location: 2F 1-2: Strikes out swinging
|
|
Batting: LHB Gary Robertson
|
0-0: Foul Ball, location: 2F 0-1: Called Strike 0-2: Ball 1-2: Ball 2-2: Foul Ball, location: 2F 2-2: Foul Ball, location: 2F 2-2: Strikes out swinging
|
| Top of the 6th over - 0 runs, 0 hits, 0 errors, 0 left on base; Cocoa 0 - Pompano Beach 3 |
| BOTTOM OF THE 6TH |
|
Pompano Beach Stingrays batting - Pitching for Cocoa Flyers : RHP Marty Mason
|
|
Pitching: RHP Kenneth Rabun
|
|
|
Batting: RHB Whitney Harry
|
0-0: Ball 1-0: Called Strike 1-1: Foul Ball, location: 2F 1-2: Ball 2-2: Strikes out looking
|
|
Batting: RHB Jorge Villalobos
|
0-0: Foul Ball, location: 2F 0-1: DOUBLE (Line Drive, 89D, EV 108.8 MPH)
|
|
Batting: SHB Gene Roof
|
0-0: Intentional Walk
|
|
Batting: RHB Lance Junker
|
0-0: Ball 1-0: Called Strike Jorge Villalobos steals 3rd base (no throw) Gene Roof to second 1-1: Fly out, F8 (Flyball, 8RXD, EV 107.5 MPH) Runner from 3rd tags up, SCORES, no throw by CF
|
|
Batting: RHB Mark Strucher
|
0-0: Foul Ball, location: 2F 0-1: Ground out 4-3 (Groundball, 4, EV 89.4 MPH)
|
| Bottom of the 6th over - 1 run, 1 hit, 0 errors, 1 left on base; Cocoa 0 - Pompano Beach 4 |
| TOP OF THE 7TH |
|
Cocoa Flyers batting - Pitching for Pompano Beach Stingrays : RHP Julian Gonzalez
|
|
Batting: RHB Larry McNutt
|
0-0: Ball 1-0: SINGLE (Flyball, 8LS, EV 90.6 MPH)
|
|
Batting: SHB Rick Lockwood
|
0-0: Called Strike 0-1: Ball 1-1: Fly out, F7 (Flyball, 7LM, EV 91.9 MPH)
|
|
Batting: RHB Johnny Salery
|
0-0: Ball 1-0: Called Strike 1-1: Called Strike 1-2: Grounds into double play, 6-4-3 (Groundball, 6, EV 101.3 MPH)
|
| Top of the 7th over - 0 runs, 1 hit, 0 errors, 0 left on base; Cocoa 0 - Pompano Beach 4 |
| BOTTOM OF THE 7TH |
|
Pompano Beach Stingrays batting - Pitching for Cocoa Flyers : RHP Kenneth Rabun
|
|
Batting: SHB Juan Molina
|
0-0: Called Strike 0-1: Ball 1-1: Ball 2-1: Ball 3-1: Ground out U3 (Groundball, 3, EV 78.8 MPH)
|
|
Batting: LHB Steve Phillips
|
0-0: Ball 1-0: SINGLE (Groundball, P, EV 88.1 MPH) (infield hit)
|
|
Batting: SHB Maury Ornest
|
0-0: Ball 1-0: Foul Ball, location: 2F 1-1: TRIPLE (Flyball, 89XD, EV 101.9 MPH) Steve Phillips scores
|
|
Batting: RHB William Waag
|
0-0: Ball 1-0: Foul Ball, location: 2F 1-1: Ball 2-1: Fly out, F8 (Flyball, 89M, EV 98.8 MPH) Runner from 3rd tags up, SCORES, throw by CF
|
|
Batting: RHB Whitney Harry
|
0-0: Ball 1-0: Swinging Strike 1-1: Ball 2-1: Called Strike 2-2: Ball 3-2: Strikes out swinging
|
| Bottom of the 7th over - 2 runs, 2 hits, 0 errors, 0 left on base; Cocoa 0 - Pompano Beach 6 |
| TOP OF THE 8TH |
|
Cocoa Flyers batting - Pitching for Pompano Beach Stingrays : RHP Julian Gonzalez
|
|
Batting: RHB Jorge Diaz
|
0-0: Foul Ball, location: 2F 0-1: Ball 1-1: Called Strike 1-2: Ball 2-2: Strikes out swinging
|
|
Batting: RHB Miguel Dominguez
|
0-0: Swinging Strike 0-1: Foul Ball, location: 2F 0-2: Ground out 4-3 (Groundball, 4, EV 92.5 MPH)
|
|
Batting: RHB David McClure
|
0-0: Called Strike 0-1: Ball 1-1: Ball 2-1: Swinging Strike 2-2: SINGLE (Line Drive, 7S, EV 97.5 MPH)
|
|
Batting: RHB Danny Arroyo
|
0-0: Ball 1-0: Foul Ball, location: 2F 1-1: Fly out, F9 (Flyball, 9S, EV 87.5 MPH)
|
| Top of the 8th over - 0 runs, 1 hit, 0 errors, 1 left on base; Cocoa 0 - Pompano Beach 6 |
| BOTTOM OF THE 8TH |
|
Pompano Beach Stingrays batting - Pitching for Cocoa Flyers : RHP Kenneth Rabun
|
|
Batting: RHB Jorge Villalobos
|
0-0: Ball 1-0: Fly out, F8 (Flyball, 8RM, EV 89.4 MPH)
|
|
Batting: SHB Gene Roof
|
0-0: Ball 1-0: Foul Ball, location: 2F 1-1: Foul Ball, location: 2F 1-2: Ball 2-2: Ball 3-2: Base on Balls
|
|
Pitching: RHP Curtis Reade
|
|
|
Batting: RHB Lance Junker
|
0-0: Ball 1-0: Ball 2-0: Called Strike 2-1: Swinging Strike 2-2: Strikes out looking
|
|
Batting: RHB Mark Strucher
|
0-0: Ball 1-0: Called Strike 1-1: 2-RUN HOME RUN (Flyball, 7D, EV 99.4 MPH), Distance : 359 ft
|
|
Batting: SHB Juan Molina
|
0-0: Called Strike 0-1: Called Strike 0-2: Ball 1-2: Strikes out swinging
|
| Bottom of the 8th over - 2 runs, 1 hit, 0 errors, 0 left on base; Cocoa 0 - Pompano Beach 8 |
| TOP OF THE 9TH |
|
Cocoa Flyers batting - Pitching for Pompano Beach Stingrays : RHP Julian Gonzalez
|
|
Pinch Hitting: RHB Scott Pleis
|
0-0: Called Strike 0-1: Fly out, F9 (Flyball, 89D, EV 95.6 MPH)
|
|
Pinch Hitting: RHB Ronald Russell
|
0-0: Ball 1-0: Ball 2-0: Called Strike 2-1: Ball 3-1: Called Strike 3-2: Foul Ball, location: 2F 3-2: SINGLE (Groundball, 34D, EV 93.8 MPH)
|
|
Batting: RHB Larry McNutt
|
0-0: Foul Ball, location: 2F 0-1: Swinging Strike 0-2: Foul Ball, location: 2F 0-2: Strikes out swinging
|
|
Batting: SHB Rick Lockwood
|
0-0: Called Strike 0-1: Ball 1-1: Ball 2-1: Swinging Strike 2-2: Foul Ball, location: 2F 2-2: Ball 3-2: Base on Balls Ronald Russell to second
|
|
Batting: RHB Johnny Salery
|
0-0: Foul Ball, location: 2F 0-1: Foul Ball, location: 2F 0-2: Ball 1-2: Ball 2-2: Ball 3-2: Foul Ball, location: 2F 3-2: Foul Ball, location: 2F 3-2: Fly out, F6 (Popup, 6S, EV 70.0 MPH)
|
| Top of the 9th over - 0 runs, 1 hit, 0 errors, 2 left on base; Cocoa 0 - Pompano Beach 8 |
|